 Dungeon Crawl Stone Soup version 0.19.3-4-gbf9329e (webtiles) character file.

7088 DarkTechnomancer the Basher (level 11, 0/69 HPs)
             Began as a Gargoyle Gladiator on Jan 28, 2017.
             Was an Elder of Okawaru.
             Slain by an enormous slime creature (47 damage)
             ... on level 9 of the Dungeon.
             The game lasted 00:22:17 (9161 turns).

DarkTechnomancer the Basher (Gargoyle Gladiator)    Turns: 9161, Time: 00:22:17

Health: 0/69       AC: 20    Str: 20    XL:     11   Next: 9%
Magic:  16/16      EV: 12    Int:  8    God:    Okawaru [****..]
Gold:   484        SH:  3    Dex: 13    Spells: 1 memorised, 8 levels left

rFire  + . .     SeeInvis .     P - +1 morningstar
rCold  . . .     Gourm    .     z - +1 ring mail {rF+}
rNeg   + . .     Faith    .     (no shield)
rPois  ∞         Spirit   .     c - +0 helmet
rElec  +         Reflect  +     u - +0 cloak {rPois}
rCorr  .         Harm     .     w - +0 pair of gloves
MR     +....                    H - +0 pair of boots
Stlth  +.........               k - +3 amulet of reflection
                                C - ring of flight
                                g - ring of protection from magic

@: repel missiles
A: negative energy resistance 1, electricity resistance, unbreathing,
petrification resistance, rot immunity, AC +7
a: Heroism, Renounce Religion, Evoke Flight


You were on level 9 of the Dungeon.
You worshipped Okawaru.
Okawaru was greatly pleased with you.
You were not hungry.

You visited 1 branch of the dungeon, and saw 9 of its levels.

You collected 484 gold pieces.

Inventory:

Hand Weapons
 a - a +0 flail
 P - a +1 morningstar (weapon)
Missiles
 d - 3 throwing nets (quivered)
Armour
 c - a +0 helmet (worn)
 u - a +0 cloak of poison resistance (worn)
 w - a +0 pair of gloves (worn)
 z - a +1 ring mail of fire resistance (worn)
 H - a +0 pair of boots (worn)
Jewellery
 g - a ring of protection from magic (left hand)
 k - a +3 amulet of reflection (around neck)
 n - an uncursed ring of ice
 C - a ring of flight (right hand)
Wands
 p - a wand of paralysis (7/24)
 x - a wand of slowing (15/48)
 y - a wand of teleportation (1/9)
 E - a wand of iceblast (5/15)
 O - a wand of teleportation (6/9)
Scrolls
 i - 4 scrolls of fog
 q - 2 scrolls of enchant armour
 v - a scroll of immolation
 A - a scroll of identify
 B - a scroll of teleportation
 L - a scroll of remove curse
Potions
 e - 2 potions of brilliance
 h - a potion of magic {unknown}
 j - a potion of might {unknown}
 m - 2 potions of flight
 o - a potion of lignification {unknown}
 t - 6 potions of heal wounds
 D - 3 potions of curing
 F - a potion of berserk rage {unknown}
 G - a potion of degeneration {unknown}
 I - a potion of resistance {unknown}
 K - 2 potions of agility {unknown}
 N - a potion of experience {unknown}
Books
 b - a book of Minor Magic

   Spells                             Type                      Level
   a - Magic Dart                     Conjuration                  1
   b - Blink                          Translocation                2
   c - Call Imp                       Summoning                    2
   d - Repel Missiles                 Charms/Air                   2
   e - Slow                           Hexes                        2
   f - Conjure Flame                  Conjuration/Fire             3
   g - Mephitic Cloud                 Conjuration/Poison/Air       3
 M - a book of Misfortune

   Spells                             Type                      Level
   a - Confusing Touch                Hexes                        1
   b - Confuse                        Hexes                        3
   c - Gell's Gravitas                Hexes/Translocation          3
   d - Petrify                        Transmutation/Earth          4
   e - Metabolic Englaciation         Hexes/Ice                    5
   f - Yara's Violent Unravelling     Hexes/Transmutation          5
Comestibles
 f - 7 bread rations
 l - 3 fruits
 r - 5 beef jerkies
 s - 6 meat rations


   Skills:
 + Level 8.7 Fighting
 * Level 11.3 Maces & Flails
 - Level 2.0 Throwing
 + Level 8.4 Armour
 - Level 2.5 Dodging
 + Level 6.7 Invocations


You had 8 spell levels left.
You knew the following spells:

 Your Spells              Type           Power        Failure   Level  Hunger
a - Repel Missiles        Chrm/Air       #.....       89%         2    ###....


Dungeon Overview and Level Annotations

Branches:
Dungeon (9/15)             Temple (0/1) D:6
   Lair: D:8-11         Orc: D:9-12

Altars:
Ashenzari
Cheibriados
Gozag
Nemelex Xobeh
Okawaru
Qazlal
Ru
Vehumet
Yredelemnul
The Shining One


Innate Abilities, Weirdness & Mutations

You are resistant to torment.
Your stone body is resilient. (AC +7)
You are immune to poison.
You resist negative energy. (rN+)
You are resistant to electric shocks. (rElec)
You can survive without breathing.
You are immune to petrification.
You are immune to rotting.


Message History

Two slime creatures merge to form a large slime creature.
You impale the slime creature!!
The slime creature is heavily wounded.
The slime creature barely misses you.
Two slime creatures merge to form a large slime creature.
Two slime creatures merge to form an enormous slime creature.
You thump the enormous slime creature!
The enormous slime creature is lightly wounded.
The enormous slime creature closely misses you.
You hit the enormous slime creature but do no damage.
The enormous slime creature is lightly wounded.
The enormous slime creature misses you.
You puncture the enormous slime creature!
The enormous slime creature is lightly wounded.
The enormous slime creature completely misses you.
You thump the enormous slime creature!
The enormous slime creature is moderately wounded.
The enormous slime creature hits you!!!
Ouch! That really hurt!
You die...

*,,,,,,,,,* *****#⌠..
*,,,..,,,,*******,,,,####
**,,..**,,,,,>......,##§§
***#.*****,,.,....#*##§.
######.## #.≈≈,≈≈..# ##.§
#.......# #.≈#+#≈..# ##§§
#.......# #..+_'...* ##§§
#.......#####≈#'#≈.#######
#.......J@...≈≈.≈≈.#..####
#.......###........#.####.
#.......# #...............
#.......# #...............
#.......# #.....(.........
#.......# #...)...........
######### #..)............
##########...............
#........#...............


You could see an enormous slime creature.

Vanquished Creatures
  Erolcha (D:9)
  Joseph (D:8)
  A troll (D:9)
  Grinder (D:6)
  Prince Ribbit (D:9)
  A hippogriff (D:7)
  A spriggan (D:7)
  A human (D:4)
  9 yaks
  A hungry ghost (D:7)
  A steam dragon (D:9)
  A water moccasin (D:8)
  Duvessa (D:7)
  2 sky beasts (D:7)
  2 ice beasts (D:6)
  2 black bears
  A phantom (D:8)
  2 centaurs
  A crocodile (D:9)
  3 ogres
  2 big kobolds
  3 bullfrogs
  3 scorpions (D:5)
  Dowan (D:7)
  3 wights
  3 howler monkeys
  9 crimson imps
  A quasit (D:8)
  2 hounds (D:4)
  2 jellies
  4 orc priests
  Crazy Yiuf (D:2)
  8 orc wizards
  2 iguanas
  4 worker ants
  Terence (D:2)
  A killer bee zombie (D:8)
  A hound skeleton (D:8)
  A worker ant zombie (D:8)
  A gnoll (D:6)
  18 adders
  2 shadow imps (D:7)
  3 oozes
  2 adder zombies (D:5)
  An adder skeleton (D:8)
  4 worms
  2 dart slugs
  6 leopard geckos
  27 orcs
  10 bats
  8 giant cockroaches
  6 goblins
  6 hobgoblins
  5 jackals
  13 kobolds
  3 quokkas
  2 ball pythons
  4 frilled lizards
  4 rats
213 creatures vanquished.

Vanquished Creatures (others)
  A worker ant (D:6)
1 creature vanquished.

Grand Total: 214 creatures vanquished

Notes
Turn   | Place    | Note
-------+----------+-------------------------------------------
     0 | D:1      | DarkTechnomancer the Gargoyle Gladiator began the quest for the Orb.
     0 | D:1      | Reached XP level 1. HP: 12/12 MP: 1/1
   170 | D:1      | Reached XP level 2. HP: 18/18 MP: 2/2
   617 | D:1      | Reached XP level 3. HP: 22/22 MP: 3/3
   868 | D:2      | Reached skill level 4 in Maces & Flails
   938 | D:2      | Reached XP level 4. HP: 28/28 MP: 4/4
  1038 | D:2      | Reached skill level 1 in Armour
  1489 | D:2      | Reached XP level 5. HP: 32/32 MP: 5/5
  1497 | D:2      | Found a faded altar of an unknown god.
  1499 | D:2      | Noticed Terence
  1509 | D:2      | Killed Terence
  1671 | D:2      | Found a runed door.
  1723 | D:2      | Noticed Crazy Yiuf
  1727 | D:2      | Killed Crazy Yiuf
  2189 | D:3      | Reached skill level 5 in Maces & Flails
  2189 | D:3      | Reached XP level 6. HP: 38/38 MP: 6/6
  3050 | D:4      | Found a runed door.
  3050 | D:4      | Noticed a human
  3089 | D:4      | Found a basalt altar of Yredelemnul.
  3113 | D:4      | Killed a human
  3113 | D:4      | Reached XP level 7. HP: 41/44 MP: 7/7
  3146 | D:4      | Reached skill level 6 in Maces & Flails
  3302 | D:4      | Found an iron altar of Okawaru.
  3315 | D:4      | Found an opulent altar of Gozag.
  3315 | D:4      | Found a shattered altar of Ashenzari.
  3318 | D:4      | Became a worshipper of Warmaster Okawaru
  3781 | D:5      | Entered Level 5 of the Dungeon
  3794 | D:5      | Reached skill level 5 in Fighting
  3865 | D:5      | Reached * piety under Okawaru
  3865 | D:5      | Reached XP level 8. HP: 38/49 MP: 8/8
  3871 | D:5      | Reached skill level 7 in Maces & Flails
  3969 | D:5      | Found a glowing golden altar of the Shining One.
  4457 | D:5      | Learned a level 2 spell: Repel Missiles
  4584 | D:6      | Found a radiant altar of Vehumet.
  4614 | D:6      | Noticed Grinder
  4614 | D:6      | Paralysed by Grinder for 2 turns
  4630 | D:6      | Reached skill level 1 in Invocations
  4644 | D:6      | Killed Grinder
  4644 | D:6      | Reached skill level 5 in Armour
  4660 | D:6      | Found a snail-covered altar of Cheibriados.
  4743 | D:6      | Found a sacrificial altar of Ru.
  5027 | D:6      | Reached skill level 8 in Maces & Flails
  5277 | D:6      | Reached XP level 9. HP: 55/55 MP: 11/11
  5338 | D:6      | Found a staircase to the Ecumenical Temple.
  5766 | D:7      | Noticed Dowan
  5771 | D:7      | Noticed Duvessa
  5786 | D:7      | Killed Dowan
  5819 | D:7      | Killed Duvessa
  6101 | D:7      | Reached ** piety under Okawaru
  6322 | D:7      | Reached skill level 9 in Maces & Flails
  6976 | D:8      | Reached *** piety under Okawaru
  6976 | D:8      | Reached XP level 10. HP: 52/63 MP: 10/13
  6984 | D:8      | Reached skill level 5 in Invocations
  7007 | D:8      | Reached skill level 10 in Maces & Flails
  7226 | D:8      | Found a stormy altar of Qazlal.
  7593 | D:8      | Noticed Joseph
  7612 | D:8      | Killed Joseph
  8272 | D:9      | Found a sparkling altar of Nemelex Xobeh.
  8339 | D:9      | Reached **** piety under Okawaru
  8476 | D:9      | Noticed Erolcha
  8497 | D:9      | Killed Erolcha
  8625 | D:9      | Noticed Prince Ribbit
  8677 | D:9      | Killed Prince Ribbit
  8677 | D:9      | Reached skill level 11 in Maces & Flails
  8685 | D:9      | Reached XP level 11. HP: 59/69 MP: 15/15
  9107 | D:9      | Found a basalt altar of Yredelemnul.
  9161 | D:9      | Slain by an enormous slime creature

Skill      XL: |  1  2  3  4  5  6  7  8  9 10 |
---------------+-------------------------------+-----
Throwing       | 2 |  2.0
Maces & Flails | 4 5 6 8 9 11 | 11.3
Fighting       | 3 4 5 6 7 8 |  8.7
Armour         | 1 2 3 4 5 6 8 |  8.4
Invocations    | 2 4 6 |  6.7
Dodging        | |  2.5

Action                   |  1- 3 |  4- 6 |  7- 9 | 10-12 || total
-------------------------+-------+-------+-------+-------++-------
Melee: Flail             |    81 |   268 |   480 |   148 ||   977
       Punch             |       |       |     1 |     4 ||     5
       Morningstar       |       |       |       |   165 ||   165
 Cast: Repel Missiles    |       |       |     2 |       ||     2
Invok: Heroism           |       |       |     4 |     5 ||     9
Evoke: Wand              |       |       |     2 |       ||     2
  Use: Scroll            |       |       |    12 |     4 ||    16
  Eat: Chunk             |       |     7 |    15 |     8 ||    30
       Fruit             |       |       |     1 |       ||     1
Armor: Leather armour    |    18 |       |       |       ||    18
       Scale mail        |    23 |   115 |       |       ||   138
       Ring mail         |       |     8 |   230 |   146 ||   384
Dodge: Dodged            |    53 |   134 |   232 |   144 ||   563
       Deflected         |       |       |     2 |       ||     2
Block: Other             |     2 |    33 |    52 |    38 ||   125
       Reflection        |       |     2 |       |       ||     2
